Map: Efflorescence LE

Players

qqq - Winner!

  • Race: Zerg Zerg
  • League: Platinum
  • Spawn Location: 6:00

Massa - Winner!

  • Race: Terran Terran
  • League: Gold
  • Spawn Location: 9:00

Beast

  • Race: Terran Terran
  • League: Diamond
  • Spawn Location: 3:00

Elder

  • Race: Zerg Zerg
  • League: Silver
  • Spawn Location: 12:00

VOD

Have the link to the VOD?

Description

Time

  • Played on: June 7, 2020, 6:07 a.m.
  • Length: 9:27
Show
View Real Time Build Order
Export as new Build Order

qqq Zerg - Winner!

Build Orders: Pool First 

Get SALT Encoding   

  12  0:02  Drone  
  13  0:24  Spawning Pool  
  12  0:29  Drone  
  12  0:33  Drone  
  14  0:44  Overlord  
  14  1:05  Drone x2  
  16  1:42  Drone x2  
  16  1:44  Zergling x2  
  19  2:07  Zergling x4  
  21  2:14  Spine Crawler  
  21  2:15  Spine Crawler x2  
  18  2:17  Spine Crawler  
  18  2:19  Spine Crawler  
  16  2:23  Queen  
  16  2:26  Zergling x2  
  19  2:43  Zergling x4  
  21  2:47  Extractor  
  21  2:48  Zergling x2  
  21  3:03  Zergling x2  
  21  3:33  Zergling x2  
  20  4:00  Drone x2  
  22  4:16  Hatchery  
  15  4:32  Zergling x10  
  15  4:33  Zergling x2  
  20  5:04  Drone x2  
  22  5:12  Metabolic Boost  
  22  5:15  Overlord x3  
  22  5:18  Extractor  
  22  5:19  Drone  
  22  5:41  Drone x2  
  24  5:48  Spore Crawler  
  23  5:50  Spore Crawler  
  23  5:54  Drone x2, Spore Crawler  
  23  5:56  Spore Crawler  
  21  6:20  Drone x2  
  21  6:21  Drone  
  24  6:41  Drone  
  24  6:43  Drone x2  
  27  6:55  Zergling x2  
  28  7:05  Overlord  
  28  7:06  Overlord  
  28  7:07  Overlord  
  28  7:22  Lair  
  28  7:24  Overlord  
  28  7:31  Queen  
  30  7:44  Zergling x6  
  33  7:58  Zergling x6  
  36  7:59  Drone x2  
  37  8:25  Zergling x4  
  37  8:26  Drone, Zergling x4  
  37  8:27  Drone x2  
  35  8:45  Zergling x4  
  35  8:46  Drone  
  38  8:55  Nydus Network  
  37  8:56  Drone  
  37  8:57  Drone  
Show
View Real Time Build Order
Export as new Build Order

Massa Terran - Winner!

Build Orders:  

Get SALT Encoding   

  12  0:10  Supply Depot  
  12  0:13  SCV  
  13  0:25  SCV  
  14  0:33  Barracks  
  14  0:37  SCV  
  15  0:46  Supply Depot  
  15  0:50  SCV  
  16  1:02  SCV  
  17  1:10  Barracks  
  17  1:14  SCV  
  18  1:22  Marine  
  19  1:35  Refinery  
  19  1:36  Orbital Command  
  19  1:40  Marine  
  20  1:48  Barracks  
  20  1:58  Marine  
  20  2:00  Marine  
  22  2:10  SCV  
  23  2:16  Marine  
  23  2:17  Barracks  
  23  2:18  Marine  
  26  2:22  SCV  
  26  2:33  Marine  
  26  2:36  Marine x2  
  29  2:41  Supply Depot  
  29  2:51  Marine  
  29  2:53  Marine  
  29  2:57  Barracks Tech Lab  
  31  3:09  Marine  
  31  3:11  Marine  
  33  3:15  SCV  
  33  3:19  Marine, Command Center  
  35  3:23  Marauder  
  37  3:27  SCV  
  36  3:56  Marine x2  
  36  3:57  Marine  
  39  4:05  Supply Depot  
  39  4:16  Marine  
  39  4:17  Marine  
  39  4:18  Marauder  
  35  4:29  Marine  
  33  4:34  Marine  
  33  4:35  Marine, Combat Shield  
  35  4:40  Marauder  
  38  4:45  SCV  
  38  4:46  Marine  
  38  4:47  Factory  
  38  4:52  Marine  
  40  4:53  Marine  
  40  4:57  SCV  
  42  5:01  Marauder  
  45  5:10  Orbital Command, Marine  
  45  5:11  SCV  
  47  5:15  Barracks Reactor  
  46  5:22  Marauder  
  46  5:23  SCV  
  49  5:33  Factory Tech Lab  
  49  5:35  SCV  
  50  5:38  SCV  
  51  5:44  Marauder  
  51  5:47  SCV  
  54  5:50  SCV  
  54  5:53  Marine x4  
  54  5:54  Stimpack  
  59  5:59  SCV  
  59  6:02  SCV  
  61  6:11  Marine  
  62  6:12  Supply Depot  
  62  6:29  Marine  
  62  6:30  Refinery, Marine  
  62  6:32  Refinery  
  62  6:33  SCV, Marine x2  
  62  6:34  Marauder, Supply Depot  
  66  6:41  Siege Tank  
  69  6:48  Marine  
  69  6:53  Barracks  
  70  6:55  Marine  
  70  6:57  Supply Depot  
  69  7:17  Marine  
  69  7:20  Supply Depot  
  69  7:35  Marine  
  69  7:39  Engineering Bay  
  69  7:50  Command Center  
  63  7:52  Marine  
  63  7:55  Siege Tank  
  63  7:58  Marauder, Marine x3  
  72  8:10  Marine  
  73  8:15  Marine x2  
  73  8:16  Marine  
  73  8:19  Marauder  
  65  8:27  Siege Tank  
  65  8:28  Marine  
  65  8:33  Marine x2  
  65  8:34  Marine  
  61  8:40  Marine  
  63  8:46  Marine  
  64  8:51  Marine x2  
  64  8:52  Marine  
  67  8:58  Marine  
  68  9:04  Marine  
  71  9:10  SCV  
  71  9:11  SCV  
Show
View Real Time Build Order
Export as new Build Order

Beast Terran 

Build Orders: 1/1/1 

Get SALT Encoding   

  12  0:01  SCV  
  13  0:13  SCV  
  14  0:18  Supply Depot  
  14  0:25  SCV  
  15  0:35  Refinery  
  15  0:40  SCV  
  16  0:46  Barracks  
  16  0:52  SCV  
  17  1:04  SCV  
  18  1:16  SCV  
  19  1:28  SCV  
  20  1:34  Marine, Supply Depot  
  21  1:41  Factory  
  21  1:42  Refinery  
  21  1:48  Orbital Command  
  21  1:53  Marine  
  22  2:06  Bunker  
  22  2:11  Marine  
  22  2:14  SCV  
  24  2:25  Factory Tech Lab  
  24  2:26  SCV  
  24  2:28  Starport  
  25  2:36  Barracks Reactor  
  25  2:38  SCV  
  26  3:01  Command Center  
  26  3:07  Siege Tank  
  29  3:17  Marine x2  
  31  3:32  Supply Depot  
  31  3:53  Marine  
  31  3:54  SCV, Marine  
  34  3:56  Siege Tank  
  37  4:11  Marine  
  37  4:12  Marine  
  38  4:29  Marine  
  39  4:31  Marine  
  39  4:32  Siege Tank  
  43  4:45  Liberator  
  43  4:50  Orbital Command  
  46  4:54  SCV  
  47  5:06  SCV  
  48  5:11  Supply Depot  
  48  5:18  SCV  
  48  5:20  SCV  
  48  5:21  Barracks  
  50  5:23  Barracks x3  
  50  5:24  Marine  
  50  5:25  Marine  
  52  5:30  SCV  
  52  5:32  SCV  
  54  5:42  SCV  
  55  5:43  Siege Tank  
  55  5:45  Marine x2  
  60  5:52  SCV  
  60  5:54  SCV  
  62  5:57  Supply Depot  
  62  6:12  Barracks Tech Lab  
  62  6:14  Barracks Reactor  
  62  6:15  Barracks Reactor  
  62  6:18  Barracks Tech Lab, Marine  
  62  6:19  SCV x2, Hellion  
  67  6:31  SCV  
  63  6:38  Medivac  
  63  6:39  Marine x4  
  69  6:57  Marine  
  70  7:01  Combat Shield  
  70  7:10  Supply Depot  
  70  7:11  Supply Depot x2  
  70  7:22  Marine x2  
  70  7:28  Marine  
  70  7:31  Marine x5, Medivac  
  70  7:32  Siege Tank  
  80  7:40  Marine x2, Stimpack  
  79  7:45  Marine  
  79  7:49  Marine  
  81  7:53  Marine x3  
  81  7:54  Marine  
  85  8:01  Medivac  
  87  8:08  Marine x3  
  70  8:31  Medivac  
  70  8:33  Marine x4  
  70  8:34  Marine x4  
  65  8:51  Marine x7  
Show
View Real Time Build Order
Export as new Build Order

Elder Zerg 

Build Orders: Hatch First 

Get SALT Encoding   

  12  0:02  Drone  
  13  0:09  Drone  
  14  0:18  Overlord  
  14  0:26  Extractor, Drone  
  15  0:47  Drone  
  16  0:56  Drone  
  17  0:59  Hatchery  
  17  1:02  Drone  
  17  1:14  Spawning Pool  
  16  1:18  Extractor  
  15  1:39  Overlord  
  15  1:41  Drone x2  
  17  1:57  Drone  
  18  2:11  Queen  
  20  2:47  Queen  
  22  3:11  Spine Crawler  
  21  3:16  Drone  
  21  3:17  Drone  
  21  3:18  Drone  
  24  3:28  Zergling x2  
  24  3:29  Zergling x4  
Tags
 
Add a new tag
Caveats
  • Supply blocks, unpowered buildings, or Contaminate may cause inaccurate times.
  • Supply counts are checked every 10 seconds.